 Seeded DCSS version 0.29-a0-1047-g7c58e119a4 (webtiles) character file.

Game seed: 16325529221887051656 (custom seed)

51 hikkokomori the Ruffian (level 3, 0/35 HPs)
             Began as a Troll Gladiator on Aug 17, 2022.
             Succumbed to Terence's poison
             ... on level 2 of the Dungeon.
             The game lasted 00:01:52 (722 turns).

hikkokomori the Ruffian (Troll Gladiator)            Turns: 722, Time: 00:01:53

Health: 0/35       AC:  4    Str: 22    XL:     3   Next: 58%
Magic:  2/2        EV: 10    Int:  4    God:
Gold:   14         SH:  0    Dex: 13    Spells: 2/2 levels left

rFire   . . .      SeeInvis .     - Unarmed
rCold   . . .      Faith    .   (no shield)
rNeg    . . .      Spirit   .   a - +0 robe
rPois   .          Reflect  .   b - +0 hat
rElec   .          Harm     .   (no cloak)
rCorr   .          Rampage  .   (gloves unavailable)
Will    .....                   (boots unavailable)
Stlth   +.........              (no amulet)
HPRegen 0.91/turn               (no ring)
MPRegen 0.08/turn               (no ring)

@: lethally poisoned (0 -> -13)
A: large, unfitting armour, claws 3, regeneration 1, shaggy fur 1, tough skin 1
a: no special abilities


You were on level 2 of the Dungeon.
You visited 1 branch of the dungeon, and saw 2 of its levels.

You collected 14 gold pieces.

Inventory:

Missiles
 c - 2 throwing nets (quivered)
Armour
 a - a +0 robe (worn)
 b - a +0 hat (worn)
Scrolls
 f - 3 scrolls of acquirement {unknown}
 g - a scroll of identify {unknown}
 i - 2 scrolls of enchant weapon {unknown}
Potions
 e - a potion of brilliance {unknown}
 h - a potion of heal wounds {unknown}


   Skills:
 + Level 2.1 Fighting
 + Level 2.3 Throwing
 + Level 2.8 Dodging
 + Level 3.4 Unarmed Combat


You had 2 spell levels left.
You didn't know any spells.
Your spell library was empty.

Dungeon Overview and Level Annotations

Branches:
Dungeon (2/15)

Altars:


Innate Abilities, Weirdness & Mutations

You are too large for most types of armour.
You have claws for hands.
Your natural rate of healing is unusually fast.
You are covered in fur. (AC +1)
You have tough skin. (AC +1)


Message History

Terence is caught in the net!
Terence struggles against the net.
Throw: large rock
Press: ? - help, Shift-Dir - straight line, f/p - Terence
Aim: Terence, wielding a +0 trident of venom and wearing a +0 scale mail (entangled in a net, 93% to hit)
You throw a large rock. The large rock hits Terence.
Terence is lightly wounded.
Terence struggles against the net. x2
You enter the shallow water.
Moving in this stuff is going to be slow.
Terence struggles against the net.
Found 8 gold pieces.
Terence struggles against the net.
The net rips apart, and Terence comes free!
A kobold comes into view. It is wielding a +0 dagger.
Terence hits you with a +0 trident of venom.
Terence hits you but does no damage.
You are poisoned.
The kobold shouts!
You claw Terence!
Terence is severely wounded.
You feel sick.
Terence hits you with a +0 trident of venom!
You are more poisoned.
You scratch Terence.
Terence is almost dead.
You feel very sick.
Terence hits you with a +0 trident of venom.
You are lethally poisoned!
You scratch Terence.
Terence is almost dead.
You feel very sick.
Terence hits you with a +0 trident of venom.
* * * LOW HITPOINT WARNING * * *
You are more poisoned.
You claw Terence!
You kill Terence!
* * * LOW HITPOINT WARNING * * *
You feel very sick.
You closely miss the kobold.
You die...

.................#....
##......######.#.##.
..###......# #.#.#..
...........## #...#<.
...###.....####
#...### . ##.~~~....#
#.... #..~_~....#
#.#.## #..$~~....#
#.#.. #..@......#
#..K......+
###.......# #.......#
#.......# #.......#
$..###### ...#


You could see a kobold.

Vanquished Creatures
  Terence (D:2)
  3 dart slugs (D:1)
  2 endoplasms (D:1)
  A goblin (D:1)
  2 hobgoblins (D:1)
  5 kobolds
  2 quokkas
  4 bats (D:1)
  2 frilled lizards (D:1)
  2 rats (D:1)
24 creatures vanquished.

Notes
Turn   | Place    | Note
-------+----------+-------------------------------------------
     0 | D:1      | hikkokomori the Troll Gladiator began the quest for the
                  | Orb.
     0 | D:1      | Reached XP level 1. HP: 19/19 MP: 0/0
   175 | D:1      | Reached XP level 2. HP: 22/28 MP: 1/1
   702 | D:2      | Found a faded altar of an unknown god.
   710 | D:2      | Noticed Terence
   713 | D:2      | Reached XP level 3. HP: 35/35 MP: 2/2
   721 | D:2      | Killed Terence
   722 | D:2      | Succumbed to Terence's poison

Illustrated notes

Levels and vault maps discovered:
D:1:      dpeg_arrival_shrine, layout_basic, minmay_ruptured
D:2:      layout_basic, hellmonk_ecumenical_altar_pennies_from_heaven,
          basic_altar, uniq_terence

Skill      XL: |  1  2 |
---------------+-------+-----
Throwing       | 2 |  2.3
Fighting       | 2 |  2.1
Dodging        | |  2.8
Unarmed Combat | |  3.4

Action                   || total
-------------------------++-------
Melee: Unarmed           ||    63
       Punch             ||     1
Throw: Large rock        ||     1
       Throwing net      ||     1
 Stab: Sleeping          ||     1
Armor: Robe              ||    27
Dodge: Dodged            ||    35

Table legend: (Time is in decaauts)
 A = Elapsed time spent in this place.
 B = Non-inter-level travel time spent in this place.
 C = Inter-level travel time spent in this place.
 D = Time resting spent in this place.
 E = Time spent auto-exploring this place.
 F = Levels seen in this place.
 G = Mean time per level.
                   A        B        C        D        E       F      G
               +--------+--------+--------+--------+--------+-----+--------+
         Total |    720 |    706 |     14 |      0 |    501 |   2 |  360.0 |
       Dungeon |    720 |    706 |     14 |      0 |    501 |   2 |  360.0 |
               +--------+--------+--------+--------+--------+-----+--------+

Top non-repeatable levels by time:
     D:1: 668 daAuts
     D:2: 51 daAuts
